 Dungeon Crawl Stone Soup version 0.16-a0-3295-gb88e9a2 (webtiles) character file.

194 myeffort the Sneak (level 5, -11/24 HPs)
             Began as a Vine Stalker Enchanter on Dec 25, 2014.
             Mangled by an ogre
             ... wielding a +0 giant club
              (14 damage)
             ... while paralysed by Grinder
             ... on level 5 of the Dungeon.
             The game lasted 00:13:09 (2222 turns).

myeffort the Sneak (Vine Stalker Enchanter)         Turns: 2222, Time: 00:13:09

Health: -11/24     AC:  7    Str: 10    XL:     5   Next: 73%
Magic:  0/11       EV:  2    Int: 15    God:
Gold:   99         SH:  0    Dex: 16    Spells: 3 memorised, 3 levels left

rFire  + . .     SeeInvis .     m - +2 dagger (vamp)
rCold  . . .     Clarity  .     D - +2 robe {rF+}
rNeg   . . .     SustAb   .     (no shield)
rPois  .         Gourm    .     A - +0 helmet
rElec  .         Spirit   +     k - +0 cloak
rCorr  .         Warding  .     (no gloves)
rMut   .         Stasis   .     t - +0 pair of boots
MR     .....                    (no amulet)
Stlth  +++.......               (no ring)
                                (no ring)

@: paralysed, not resistant to hostile enchantments, fairly stealthy
A: fangs 2, regeneration 1, magic shield, antimagic bite, no device heal 3, rot
immunity
a: no special abilities


You were on level 5 of the Dungeon.
You were very hungry.

You visited 2 branches of the dungeon, and saw 6 of its levels.

You collected 99 gold pieces.

Inventory:

Hand weapons
 a - a +1 dagger
 m - a +2 vampiric dagger (weapon)
Missiles
 q - 6 needles of sleeping
Armour
 b - a +1 robe
 k - a +0 cloak (worn)
 t - a +0 pair of boots (worn)
 y - a +0 buckler
 A - a +0 helmet (worn)
 D - a +2 robe of fire resistance (worn)
Jewellery
 p - an uncursed ring of wizardry {unknown}
 v - a cursed amulet of warding {unknown}
Scrolls
 e - a scroll of teleportation {unknown}
 g - a scroll of enchant weapon {unknown}
 h - 3 scrolls of identify {unknown}
 i - 2 scrolls of amnesia {unknown}
 j - a scroll of magic mapping {unknown}
 l - 2 scrolls of remove curse {unknown}
 n - 2 scrolls of blinking {unknown}
 o - a scroll of random uselessness {unknown}
 s - a scroll of recharging {unknown}
 w - a scroll of fear {unknown}
 x - a scroll of fog {unknown}
Potions
 f - 3 potions of brilliance
 r - a potion of cancellation {unknown}
 u - a potion of restore abilities
 C - a potion of lignification {unknown}
 F - a potion of mutation {unknown}
Books
 c - a book of Maledictions

   Spells                             Type                      Level
   a - Corona                         Hexes                        1
   b - Sure Blade                     Hexes/Charms                 2
   c - Ensorcelled Hibernation        Hexes/Ice                    2
   d - Confuse                        Hexes                        3
   e - Dazzling Spray                 Conjuration/Hexes            3
   f - Enslavement                    Hexes                        4
Comestibles
 d - 3 bread rations
 z - a meat ration
 B - a royal jelly
 E - a chunk of flesh


   Skills:
 + Level 2.4 Short Blades
 + Level 2.7 Dodging
 + Level 5.0 Stealth
 - Level 2.1 Spellcasting
 + Level 4.1 Hexes


You had 3 spell levels left.
You knew the following spells:

 Your Spells              Type           Power        Failure   Level  Hunger
a - Corona                Hex            ##.....      4%          1    #......
b - Ensorcelled Hibernat  Hex/Ice        #.....       14%         2    ###....
c - Sure Blade            Hex/Chrm       #.........   14%         2    ###....


Dungeon Overview and Level Annotations

Branches:
Dungeon (5/15)             Temple (1/1) D:4

Altars:
Cheibriados
Elyvilon
Fedhas
Gozag
Kikubaaqudgha
Makhleb
Nemelex Xobeh
Okawaru
Qazlal
Ru
Sif Muna
Trog
Vehumet
Xom
Yredelemnul
Zin

Annotations:
D:4 Eustachio; myeffort's ghost, average VSCK
D:5 Grinder


Innate Abilities, Weirdness & Mutations

You have extremely sharp teeth.
Your natural rate of healing is unusually fast.
When hurt, damage is shared between your health and your magic reserves.
Your bite disrupts and absorbs the magic of your enemies.
Potions and wands cannot restore your health.
You are immune to rotting.


Message History

You now have 99 gold pieces (gained 15).
You open the door.
An ogre and Grinder come into view.
There is an open door here.
You hit the ogre. You bite the ogre. You drain its power.
The ogre is lightly wounded.
You hit the ogre.
The ogre is lightly wounded.
The ogre hits you with a giant club!
You hit the ogre. Your bite misses the ogre.
The ogre is moderately wounded.
Grinder gestures at you.
You suddenly lose the ability to move!
The ogre hits you with a giant club. The ogre hits you with a giant club!
* * * LOW HITPOINT WARNING * * *
Grinder gestures at you.
You shrug off the repeated paralysis!
The ogre hits you with a giant club!
Ouch! That really hurt!
You die...

#.######...#####..............
#.# #...# ####........... #.#
##.... #............. #.#
#......#............. #.#
#..... #.........#### #<#
#..... #.........# ### ......
#.........# .......##'##......
.......O@.........
.................
................
####............ #...5.......
#.......... #.........
....##### .


You could see Grinder and an ogre.

Vanquished Creatures
  A giant frog (D:4)
  Ijyb (D:2)
  4 adders
  2 worms
  An adder skeleton (D:4)
  A giant gecko (D:1)
  2 oozes
  3 orcs
  A bat skeleton (D:4)
  5 giant cockroaches
  5 hobgoblins
  A quokka (D:5)
  11 bats
  7 giant newts
  5 goblins
  A jackal (D:3)
  A jackal skeleton (D:4)
  6 kobolds
  9 rats
67 creatures vanquished.

Notes
Turn   | Place    | Note
--------------------------------------------------------------
     0 | D:1      | myeffort, the Vine Stalker Enchanter, began the quest for the Orb.
     0 | D:1      | Reached XP level 1. HP: 9/9 MP: 3/3
    46 | D:1      | Reached skill level 1 in Short Blades
   128 | D:1      | Reached XP level 2. HP: 13/13 MP: 5/5
   506 | D:2      | Noticed Ijyb
   544 | D:2      | Killed Ijyb
   544 | D:2      | Reached skill level 4 in Stealth
   544 | D:2      | Reached XP level 3. HP: 2/16 MP: 2/7
   794 | D:2      | Found an opulent altar of Gozag.
   794 | D:2      | Found a sparkling altar of Nemelex Xobeh.
   926 | D:2      | Reached XP level 4. HP: 19/21 MP: 6/8
  1186 | D:3      | Learned a level 2 spell: Ensorcelled Hibernation
  1189 | D:3      | Learned a level 2 spell: Sure Blade
  1492 | D:3      | Found a blossoming altar of Fedhas.
  1670 | D:4      | Found an iron altar of Okawaru.
  1723 | D:4      | Reached XP level 5. HP: 14/24 MP: 8/11
  1740 | D:4      | Noticed Eustachio
  1741 | D:4      | Noticed myeffort's ghost (average VSCK)
  1819 | D:4      | Noticed a giant frog
  1831 | D:4      | Killed a giant frog
  1946 | D:4      | Found a staircase to the Ecumenical Temple.
  1956 | Temple   | Entered the Ecumenical Temple
  2055 | D:4      | Reached skill level 5 in Stealth
  2063 | D:4      | Noticed a phantom
  2158 | D:5      | Entered Level 5 of the Dungeon
  2215 | D:5      | Noticed Grinder
  2215 | D:5      | Noticed an ogre
  2219 | D:5      | Paralysed by Grinder for 7 turns
  2222 | D:5      | Mangled by an ogre

Action                   |  1- 3 |  4- 6 || total
-------------------------+-------+-------++-------
Melee: Dagger            |    98 |   138 ||   236
  Use: Potion            |     2 |     1 ||     3
 Stab: Sleeping          |     6 |     4 ||    10
       Distracted        |     1 |       ||     1
  Eat: Bread ration      |     1 |       ||     1
       Chunk             |       |     3 ||     3
